 Dungeon Crawl Stone Soup version 0.28.0-43-g3370ac3207 (webtiles) character file.

Game seed: 15114033961561040596

934 issech the Cudgeller (level 7, -2/71 HPs)
             Began as a Troll Monk on Mar 15, 2022.
             Succumbed to a killer bee's poison
             ... on level 5 of the Dungeon.
             The game lasted 00:15:48 (4369 turns).

issech the Cudgeller (Troll Monk)                   Turns: 4369, Time: 00:15:48

Health: -2/71      AC:  4    Str: 20    XL:     7   Next: 86%
Magic:  6/6        EV: 11    Int:  6    God:
Gold:   170        SH:  0    Dex: 14    Spells: 6/6 levels left

rFire   . . .      SeeInvis +   r - +0 giant spiked club (vorpal)
rCold   + . .      Faith    .   (shield currently unavailable)
rNeg    . . .      Spirit   .   b - +0 robe
rPois   .          Reflect  .   (helmet restricted)
rElec   .          Harm     .   (no cloak)
rCorr   .          Rampage  .   (gloves unavailable)
Will    .....                   (boots unavailable)
Stlth   ++........              (no amulet)
HPRegen 1.01/turn               l - ring of protection from cold
MPRegen 0.10/turn               q - ring of see invisible

@: lethally poisoned (-2 -> -11)
A: large, unfitting armour, claws 3, regeneration 1, shaggy fur 1, tough skin 1
a: no special abilities


You were on level 5 of the Dungeon.
You visited 1 branch of the dungeon, and saw 5 of its levels.

You collected 170 gold pieces.

Inventory:

Hand Weapons
 a - a +0 mace
 i - a +0 dagger of distortion
 o - a +2 dagger of flaming
 r - a +0 vorpal giant spiked club (weapon)
Missiles
 f - 84 stones (quivered)
 g - 30 bolts
 k - 32 arrows
 n - 7 poisoned darts
 s - 5 javelins
Armour
 b - a +0 robe (worn)
Jewellery
 l - a ring of protection from cold (left claw)
 q - a ring of see invisible (right claw)
Scrolls
 d - 2 scrolls of immolation
 e - a scroll of identify
 j - a scroll of enchant armour
 p - a scroll of amnesia
Potions
 c - 3 potions of curing {unknown}
 h - a potion of attraction {unknown}
 m - 2 potions of mutation {unknown}


   Skills:
 + Level 4.3 Fighting
 + Level 6.2 Maces & Flails
 + Level 4.3 Dodging
 + Level 1.6 Stealth


You had 6 spell levels left.
You didn't know any spells.
Your spell library contained the following spells:

 Spells                   Type           Power      Damage    Failure   Level
 Blink                    Tloc           0%         N/A       58%         2
 Manifold Assault         Tloc           0%         N/A       100%        5
 Storm Form               Tmut/Air       0%         N/A       100%        7


Dungeon Overview and Level Annotations

Branches:
Dungeon (5/15)
 Temple: D:4-7

Altars:
Makhleb

Shops:
D:4 !(([


Innate Abilities, Weirdness & Mutations

You are too large for most types of armour.
You have claws for hands.
Your natural rate of healing is unusually fast.
You are covered in fur. (AC +1)
You have tough skin. (AC +1)


Message History

You closely miss the killer bee.
You feel very sick. The killer bee stings you.
The killer bee barely misses you.
A killer bee comes into view.
The killer bee closely misses you.
You barely miss the killer bee.
You feel very sick.
The killer bee buzzes angrily.
The killer bee stings you. The killer bee completely misses you.
The killer bee stings you.
You feel sick. The killer bee closely misses you.
You feel sick.
The killer bee buzzes angrily.
The killer bee stings you.
You feel sick. The killer bee stings you!
You are more poisoned.
The killer bee poisons you!
You feel very sick. The killer bee closely misses you.
You closely miss the killer bee.
You feel very sick.
The killer bee stings you but does no damage.
The killer bee stings you.
* * * LOW HITPOINT WARNING * * *
The killer bee closely misses you.
You miss the killer bee.
You feel sick. The killer bee barely misses you. x2
The killer bee closely misses you.
You closely miss the killer bee.
You feel sick. The killer bee stings you.
* * * LOW HITPOINT WARNING * * *
The killer bee stings you!
* * * LOW HITPOINT WARNING * * *
You are more poisoned.
The killer bee poisons you! The killer bee barely misses you.
You feel very sick. The killer bee closely misses you.
You feel sick. The killer bee stings you.
* * * LOW HITPOINT WARNING * * *
You are more poisoned.
The killer bee poisons you!
You die...

#.# #.###.##...#.#.# #.#
#.#.........†...
#<#######..<.......###.#
#...........#..........#
#############.##.#.#####
#.##.#......
#.##.#######
#############.##.# #
#.yyJy.@......##.# #
#.############# # ###
#†# # ..########y# #
....J..†..y# #
..#######..# .## #..# .#
#y.# .# #.(#


You could see a jelly and 3 killer bees.

Vanquished Creatures
  A sky beast (D:5)
  An ogre (D:3)
  A phantom (D:5)
  A scorpion (D:4)
  A killer bee (D:5)
  3 howler monkeys
  A bullfrog zombie (D:5)
  2 hounds (D:5)
  A centaur skeleton (D:4)
  2 iguanas (D:5)
  An orc wizard (D:4)
  11 adders
  3 gnolls (D:4)
  A shadow imp (D:5)
  A white imp (D:4)
  A worm (D:3)
  A dart slug (D:1)
  10 orcs
  5 bats
  11 endoplasms
  5 giant cockroaches
  20 goblins
  4 hobgoblins
  13 jackals
  2 quokkas
  5 ball pythons
  5 frilled lizards
  6 kobolds
  10 rats
129 creatures vanquished.

Notes
Turn   | Place    | Note
-------+----------+-------------------------------------------
     0 | D:1      | issech the Troll Monk began the quest for the Orb.
     0 | D:1      | Reached XP level 1. HP: 22/22 MP: 0/0
   152 | D:1      | Reached XP level 2. HP: 22/29 MP: 1/1
   293 | D:1      | Reached skill level 3 in Maces & Flails
   408 | D:1      | Reached XP level 3. HP: 36/36 MP: 2/2
   440 | D:1      | Found a faded altar of an unknown god.
   440 | D:1      | Noticed a hellwing
   740 | D:2      | Found a burning altar of Makhleb.
  1185 | D:2      | Reached XP level 4. HP: 44/44 MP: 3/3
  2125 | D:3      | Reached XP level 5. HP: 53/53 MP: 4/4
  2299 | D:3      | Reached skill level 4 in Maces & Flails
  2981 | D:4      | Reached XP level 6. HP: 56/61 MP: 5/5
  3025 | D:4      | Found Luwocem's Weapon Boutique.
  3025 | D:4      | Found Didokhik's Distillery.
  3031 | D:4      | Found Zusepteh's Armour Boutique.
  3033 | D:4      | Found Sodonic's Weapon Boutique.
  3376 | D:4      | Reached skill level 5 in Maces & Flails
  3597 | D:5      | Entered Level 5 of the Dungeon
  3712 | D:5      | Reached XP level 7. HP: 49/68 MP: 6/6
  4299 | D:5      | Reached skill level 6 in Maces & Flails
  4368 | D:5      | HP: 1/71 [killer bee (6)]
  4369 | D:5      | Succumbed to a killer bee's poison

Illustrated notes

Levels and vault maps discovered:
D:1:      dpeg_arrival_ratfight, layout_basic,
          dreamdust_ecumenical_altar_sealed_demon
D:2:      layout_basic, basic_altar, kennysheep_generic_room_15
D:3:      kennysheep_the_goblin_king, layout_basic
D:4:      layout_cave_pools, chequers_serial_rivers_micro_e,
          minmay_shop_grid_forest, serial_bayou_pond_e
D:5:      layout_loops_ring

Skill      XL: |  1  2  3  4  5  6  7 |
---------------+----------------------+-----
Maces & Flails | 3 4 5 6 |  6.2
Fighting       | 3 4 |  4.3
Dodging        | 3 4 |  4.3
Stealth        | |  1.6

Action                   |  1- 3 |  4- 6 |  7- 9 || total
-------------------------+-------+-------+-------++-------
Melee: Mace              |   117 |   208 |       ||   325
       Punch             |     3 |     3 |       ||     6
       Giant spiked club |       |    53 |    60 ||   113
Throw: Stone             |       |     4 |     1 ||     5
  Use: Scroll            |       |     5 |       ||     5
 Stab: Sleeping          |     5 |     3 |       ||     8
Armor: Robe              |    51 |   104 |    16 ||   171
Dodge: Dodged            |    69 |   211 |    62 ||   342
